 Dungeon Crawl Stone Soup version 0.28-a0-957-g42eb19b844 (webtiles) character file.

Game seed: 11478942375205901033

250 a11behringer the Insei (level 5, -1/40 HPs)
             Began as a Draconian Transmuter on Dec 1, 2021.
             Was a Follower of Uskayaw.
             Slain by an adder (2 damage)
             ... on level 4 of the Dungeon.
             The game lasted 00:10:23 (3869 turns).

a11behringer the Insei (Draconian Transmuter)       Turns: 3869, Time: 00:10:25

Health: -1/40      AC:  6    Str: 18    XL:     5   Next: 88%
Magic:  0/9        EV: 13    Int: 15    God:    Uskayaw [*.....]
Gold:   132        SH:  0    Dex: 18    Spells: 3/10 levels left

rFire   . . .      SeeInvis .     - Unarmed
rCold   . . .      Faith    .   (no shield)
rNeg    . . .      Spirit   .   (armour unavailable)
rPois   .          Reflect  .   (helmet currently unavailable)
rElec   .          Harm     .   (no cloak)
rCorr   .          Rampage  .   d - +0 pair of gloves
Will    .....                   (boots currently unavailable)
Stlth   ++........              (no amulet)
HPRegen 0.13/turn               j - +6 ring of strength
MPRegen 0.11/turn               p - +6 ring of dexterity

@: lethally poisoned (-1 -> -3), appendages, wereblooded
A: horns 2, talons 2, AC +5, unfitting armour, cold-blooded
a: End Transformation, Renounce Religion, Stomp


You were on level 4 of the Dungeon.
You worshipped Uskayaw.
Uskayaw was noncommittal.
You had temporarily grown beastly horns and talons.
You visited 2 branches of the dungeon, and saw 5 of its levels.

You collected 132 gold pieces.

Inventory:

Missiles
 h - 2 throwing nets
Armour
 d - a +0 pair of gloves (worn)
Magical Staves
 c - a staff of poison
Jewellery
 f - an amulet of faith
 j - a +6 ring of strength (left hand)
 p - a +6 ring of dexterity (right hand)
Scrolls
 a - a scroll of torment {unknown}
 e - a scroll of identify {unknown}
 g - a scroll of amnesia {unknown}
 i - a scroll of acquirement {unknown}
 l - a scroll of immolation {unknown}
 m - a scroll of fear {unknown}
 n - a scroll of magic mapping {unknown}
 o - a scroll of teleportation
Potions
 b - a potion of heal wounds {unknown}
 k - a potion of mutation {unknown}


   Skills:
 + Level 1.2 Fighting
 + Level 2.7 Dodging
 + Level 1.2 Stealth
 + Level 4.4 Unarmed Combat
 + Level 3.2 Spellcasting
 + Level 3.1 Transmutations


You had 3 spell levels left.
You knew the following spells:

 Your Spells              Type           Power      Damage    Failure   Level
a - Beastly Appendage     Tmut           24%        N/A       5%          1
b - Wereblood             Tmut           12%        N/A       8%          2
c - Ice Form              Ice/Tmut       7%         N/A       71%         4

Your spell library contained the following spells:

 Spells                   Type           Power      Damage    Failure   Level
 Apportation              Tloc           4%         N/A       21%         1
 Spider Form              Tmut/Pois      7%         N/A       30%         3
 Alistair's Intoxication  Tmut/Pois      4%         N/A       96%         5


Dungeon Overview and Level Annotations

Branches:
Dungeon (4/15)             Temple (1/1) D:4

Altars:
Ashenzari
Cheibriados
Kikubaaqudgha
Uskayaw
Xom
Yredelemnul

Portals:
Abyss: D:4

Annotations:
D:2 1 runed translucent door, Crazy Yiuf
D:4 1 transporter, Atlas's ghost, amateur DjEE


Innate Abilities, Weirdness & Mutations

You have temporarily grown beastly horns and talons.
Your plain brown scales are hard. (AC +5)
You cannot fit into any form of body armour.
You are cold-blooded and may be slowed by cold attacks.


Message History

You tail-slap the gnoll.
The gnoll is almost dead.
The gnoll shaman closely misses you. The gnoll barely misses you.
The orc hits you with a +0 whip. The gnoll closely misses you.
The gnoll hits you from afar with a +0 halberd!
Aiming: Line Pass
Press: ? - help, Dir - move target The gnoll appears confused. x2
Found a scroll labelled FOLATHR TUOHOGH.
Found a stone staircase leading down.
You can no longer pass through a line of other dancers.
The gnoll shaman calls upon its god to heal the gnoll.
The gnoll is healed somewhat.
The gnoll hits the gnoll with a +0 whip.
The gnoll barely misses you.
The gnoll closely misses the gnoll.
You strike the helpless gnoll from behind!
You hit the gnoll. You claw the gnoll.
You feel a bit better.
You kill the gnoll!
The orc hits you but does no damage.
The gnoll hits the gnoll shaman but does no damage.
The gnoll hits itself with a +0 whip!
The gnoll is killed!
The gnoll closely misses you.
You miss the adder. Your kick misses the adder. The adder bites you.
You are poisoned.
The adder poisons you! The orc hits you with a +0 whip.
The gnoll barely misses you. The adder bites you but does no damage.
You miss the adder.
You feel sick.
The gnoll shaman hits you with a +0 whip!
* * * LOW HITPOINT WARNING * * *
The orc closely misses you. The gnoll closely misses you.
The adder barely misses you.
Okay, then.
You hit the adder. You claw the adder.
The adder is almost dead.
You feel sick.
The gnoll shaman hits you with a +0 whip.
* * * LOW HITPOINT WARNING * * *
The adder bites you.
You die...

. #^.##.
.......##.#.#### .. #..
#......#.?. #.©##..###.
.#......##©###...###5K#.
.........###.......####.
..........©.............
........................
.......no......#.....##.
.......@g).....#.....##.
##.###.Sg##....###.#####
#.....##...# #.# ###
........#...# #.###..
.........#...###......
##....>...#.........##.
##?.....##........#..#
##.....###.......#...
#........#(.


You could see a necrophage, a gnoll shaman, a gnoll, an adder and an orc.

Vanquished Creatures
  A scorpion (D:4)
  A howler monkey (D:4)
  A hound (D:4)
  3 gnolls (D:4)
  An adder (D:2)
  An ufetubus (D:3)
  A worm (D:2)
  2 dart slugs
  2 orcs (D:4)
  5 ball pythons
  4 bats
  7 endoplasms
  5 giant cockroaches
  10 goblins
  3 hobgoblins
  5 jackals
  6 kobolds
  3 quokkas
  2 frilled lizards
  4 rats
67 creatures vanquished.

Notes
Turn   | Place    | Note
-------+----------+-------------------------------------------
     0 | D:1      | a11behringer the Draconian Transmuter began the quest for
                  | the Orb.
     0 | D:1      | Reached XP level 1. HP: 16/16 MP: 3/3
    92 | D:1      | Reached XP level 2. HP: 13/23 MP: 3/5
   578 | D:1      | Reached XP level 3. HP: 28/28 MP: 4/6
  1874 | D:2      | Reached XP level 4. HP: 35/35 MP: 5/7
  2317 | D:2      | Found a runed translucent door.
  2318 | D:2      | Noticed Crazy Yiuf
  2792 | D:3      | Reached skill level 4 in Unarmed Combat
  3255 | D:4      | Found a one-way gate to the infinite horrors of the Abyss.
  3255 | D:4      | Noticed Atlas's ghost (amateur DjEE)
  3309 | D:4      | Noticed a scorpion
  3321 | D:4      | Killed a scorpion
  3322 | D:4      | Reached XP level 5. HP: 19/40 MP: 7/9
  3458 | D:4      | Noticed a necrophage
  3508 | D:3      | Reached skill level 1 in Stealth
  3697 | D:3      | Learned a level 2 spell: Wereblood
  3702 | D:3      | Learned a level 4 spell: Ice Form
  3735 | D:4      | Found a transporter.
  3741 | D:4      | Found a staircase to the Ecumenical Temple.
  3778 | Temple   | Entered the Ecumenical Temple
  3821 | Temple   | Became a worshipper of Uskayaw the Reveller
  3859 | D:4      | Reached * piety under Uskayaw
  3862 | D:4      | Reached ** piety under Uskayaw
  3869 | D:4      | HP: 1/40 [gnoll shaman (5)]
  3869 | D:4      | Slain by an adder

Illustrated notes

Levels and vault maps discovered:
D:1:      tarquinn_simple_flora_water_a, layout_rooms
D:2:      layout_basic, uniq_crazy_yiuf_cottage
D:3:      layout_basic, basic_ecumenical_altar, kennysheep_path_1,
          corexii_corridor_pit
D:4:      layout_rooms, minmay_temple_entry_mini_moons,
          gammafunk_ghost_abyssal_escape
Temple:   mainiacjoe_temple_bowtie_tessellation

Skill      XL: |  1  2  3  4  5 |
---------------+----------------+-----
Dodging        | 2 |  2.7
Unarmed Combat | 4 |  4.4
Spellcasting   | 3 |  3.2
Stealth        | 1 |  1.2
Transmutations | 3 |  3.1
Fighting       | |  1.2

Action                   |  1- 3 |  4- 6 || total
-------------------------+-------+-------++-------
Melee: Unarmed           |   106 |    69 ||   175
       Kick              |    23 |    18 ||    41
       Tailslap          |    10 |    11 ||    21
       Headbutt          |     8 |     9 ||    17
       Punch             |       |     2 ||     2
 Cast: Beastly Appendage |    23 |    17 ||    40
       Wereblood         |       |     1 ||     1
Invok: Stomp             |       |     1 ||     1
       Line Pass         |       |     1 ||     1
 Stab: Sleeping          |       |     1 ||     1
       Confused          |       |     1 ||     1
Armor: Skin              |    28 |    32 ||    60
Dodge: Dodged            |    81 |    73 ||   154

Table legend: (Time is in decaauts)
 A = Elapsed time spent in this place.
 B = Non-inter-level travel time spent in this place.
 C = Inter-level travel time spent in this place.
 D = Time resting spent in this place.
 E = Time spent auto-exploring this place.
 F = Levels seen in this place.
 G = Mean time per level.
                   A        B        C        D        E       F      G
               +--------+--------+--------+--------+--------+-----+--------+
         Total |   3860 |   3330 |    530 |      0 |   2811 |   5 |  772.0 |
       Dungeon |   3807 |   3297 |    510 |      0 |   2784 |   4 |  951.8 |
        Temple |     52 |     32 |     20 |      0 |     27 |   1 |   52.0 |
               +--------+--------+--------+--------+--------+-----+--------+

Top non-repeatable levels by time:
     D:2: 1828 daAuts
     D:1: 1032 daAuts
     D:3: 561 daAuts
     D:4: 384 daAuts
  Temple: 52 daAuts
